 Dungeon Crawl Stone Soup version 0.27-a0-1136-g0b992a5a9d (webtiles) character file.

Game seed: 10865239325514125580

137 ytrimaz the Sneak (level 5, -2/35 HPs)
             Began as an Octopode Brigand on May 6, 2021.
             Was an Initiate of Dithmenos.
             Shot with a stone by a goblin (3 damage)
             ... on level 3 of the Dungeon.
             The game lasted 00:03:59 (3420 turns).

ytrimaz the Sneak (Octopode Brigand)                Turns: 3420, Time: 00:04:00

Health: -2/35      AC:  1    Str: 10 (11) XL:     5   Next: 20%
Magic:  5/5        EV: 13    Int: 13      God:    Dithmenos [......]
Gold:   200        SH:  0    Dex: 13 (14) Spells: 4/4 levels left

rFire    . . .     SeeInvis +   a - +2 dagger
rCold    . . .     Faith    .   (no shield)
rNeg     . . .     Spirit   .   (helmet restricted)
rPois    .         Reflect  .   (no amulet)
rElec    .         Harm     .   d - ring of see invisible
rCorr    .         Rampage  .   (no ring)
Will     .....                  (no ring)
Stlth    ++++......             (no ring)
HPRegen  0.11/turn              (no ring)
MPRegen  0.09/turn              (no ring)
                                (no ring)
                                (no ring)

@: no status effects
A: almost no armour, amphibious, 8 rings, camouflage 1, gelatinous body 1,
(nimble swimmer 1), tentacles
a: Renounce Religion


You were on level 3 of the Dungeon.
You worshipped Dithmenos.
Dithmenos was noncommittal.
You visited 1 branch of the dungeon, and saw 3 of its levels.

You collected 200 gold pieces.

Inventory:

Hand Weapons
 a - a +2 dagger (weapon)
Missiles
 b - 14 poisoned darts (quivered)
 c - 2 curare-tipped darts
 f - 8 atropa-tipped darts
Jewellery
 d - a ring of see invisible (left tentacle)
Wands
 g - a wand of charming (7)
Scrolls
 j - 3 scrolls of teleportation
Potions
 h - 2 potions of haste


   Skills:
 + Level 2.6 Fighting
 + Level 3.0 Short Blades
 + Level 2.0 Throwing
 + Level 1.6 Dodging
 + Level 7.3 Stealth


You had 4 spell levels left.
You didn't know any spells.
Your spell library contained the following spells:

 Spells                   Type           Power      Damage    Failure   Level
 Freeze                   Ice            0%         1d3       30%         1
 Frozen Ramparts          Ice            0%         1d2       67%         3
 Ozocubu's Armour         Ice            0%         N/A       67%         3
 Hailstorm                Conj/Ice       0%         3d3       97%         4
 Metabolic Englaciation   Hex/Ice        0%         N/A       100%        5


Dungeon Overview and Level Annotations

Branches:
Dungeon (3/15)

Altars:
Dithmenos
Nemelex Xobeh
Ru
Vehumet
Xom

Shops:
D:1 ?


Innate Abilities, Weirdness & Mutations

You cannot wear most types of armour.
You are amphibious.
You can wear up to eight rings at the same time.
Your skin changes colour to match your surroundings (Stealth+).
Your rubbery body absorbs attacks. (AC +1, EV +1)
((You are camouflaged near water. (Stealth+)))
You have tentacles for arms and can constrict up to eight enemies at once.


Message History

You hit the hobgoblin.
You kill the hobgoblin!
Dithmenos accepts your kill.
You constrict the adder.
You feel sick. The adder closely misses you. The adder completely misses you.
You feel your strength returning.
You hit the adder.
You kill the adder!
Dithmenos accepts your kill.
You feel sick.
You hit the hobgoblin.
You kill the hobgoblin!
Dithmenos accepts your kill.
You hit the goblin. You grab the goblin.
The goblin is moderately wounded.
You constrict the goblin.
You feel sick. The goblin closely misses you.
You hit the goblin.
You kill the goblin!
Dithmenos accepts your kill.
You feel sick.
You feel sick.
You are no longer poisoned.
The goblin shoots a stone.
The stone barely misses you.
Things that are here:
a +0 club; a goblin corpse The goblin shoots a stone.
The stone hits you.
A goblin is nearby!
A goblin is nearby!
A goblin is nearby!
A goblin is nearby!
The goblin shoots a stone.
The stone hits you.
* * * LOW HITPOINT WARNING * * *
Found an escape hatch in the floor.
The goblin shoots a stone.
The stone hits you!
* * * LOW HITPOINT WARNING * * *
Okay, then.
As you read the scroll labelled BOUMEJ LOEZXOU, it crumbles to dust.
You feel aware of your surroundings.
It was a scroll of magic mapping.
The goblin shoots a stone.
The stone hits you.
You die...

....⌠....#.......##........#
.........#.......##........#
.._..._..#.......##........#
.........##########........#
.........# #..†.........#
.........# #######)#.......#
.........###≈≈.....#..######
..........##≈≈..$..#..#
.........###≈≈..@.)####
...<.....#>'g≈.....#
.####....###≈≈≈....# .#
##.##.##≈≈≈....#
.#####.##.##≈≈≈....#
.......##.########.#
..........##.#***#.#
......######..,,,,.#
..###.## #.#******


You could see a goblin.

Vanquished Creatures
  A hound (D:3)
  A howler monkey skeleton (D:3)
  4 adders
  A dart slug (D:3)
  4 endoplasms
  A giant cockroach (D:3)
  11 hobgoblins
  4 kobolds
  4 quokkas
  3 ball pythons
  3 bats (D:1)
  5 frilled lizards
  12 goblins
  5 rats
59 creatures vanquished.

Notes
Turn   | Place    | Note
-------+----------+-------------------------------------------
     0 | D:1      | ytrimaz the Octopode Brigand began the quest for the Orb.
     0 | D:1      | Reached XP level 1. HP: 14/14 MP: 1/1
   545 | D:1      | Found Zeoser's Magic Scroll Emporium.
   547 | D:1      | Reached XP level 2. HP: 19/19 MP: 2/2
   718 | D:1      | Reached skill level 6 in Stealth
   920 | D:1      | Reached XP level 3. HP: 24/24 MP: 3/3
  1052 | D:2      | Found a faded altar of an unknown god.
  2083 | D:3      | Found a shimmering altar of Xom.
  2083 | D:3      | Found a shadowy altar of Dithmenos.
  2084 | D:3      | Found a sacrificial altar of Ru.
  2084 | D:3      | Found a radiant altar of Vehumet.
  2101 | D:3      | Reached XP level 4. HP: 6/30 MP: 4/4
  2419 | D:3      | Became a worshipper of Dithmenos the Shadowed
  2856 | D:3      | Found a sparkling altar of Nemelex Xobeh.
  3121 | D:3      | Reached skill level 7 in Stealth
  3230 | D:3      | Reached XP level 5. HP: 21/35 MP: 5/5
  3419 | D:3      | HP: 1/35 [goblin/stone (7)]
  3420 | D:3      | Shot with a stone by a goblin

Illustrated notes

Levels and vault maps discovered:
D:1:      lightli_arrival_maybe_door_vault, layout_loops_ring, serial_shops,
          shop, grunt_decor_cap
D:2:      layout_loops_ring, hellmonk_ecumenical_altar_lost_god,
          minmay_randomly_rotated_circles
D:3:      layout_basic, nemelex_spade_bored_becter, grunt_temple_overflow_open,
          minmay_goblin_outpost

Skill      XL: |  1  2  3  4  5 |
---------------+----------------+-----
Stealth        | 6 7 |  7.3
Short Blades   | 3 |  3.0
Fighting       | |  2.6
Throwing       | |  2.0
Dodging        | |  1.6

Action                   |  1- 3 |  4- 6 || total
-------------------------+-------+-------++-------
Melee: Dagger            |    69 |    53 ||   122
       Constrict         |    13 |    13 ||    26
       Tentacles         |     8 |     6 ||    14
  Use: Scroll            |     5 |     1 ||     6
       Potion            |     4 |     1 ||     5
 Stab: Sleeping          |    13 |     1 ||    14
Armor: Skin              |     3 |     3 ||     6
Dodge: Dodged            |    26 |    45 ||    71

Table legend: (Time is in decaauts)
 A = Elapsed time spent in this place.
 B = Non-inter-level travel time spent in this place.
 C = Inter-level travel time spent in this place.
 D = Time resting spent in this place.
 E = Time spent auto-exploring this place.
 F = Levels seen in this place.
 G = Mean time per level.
                   A        B        C        D        E       F      G
               +--------+--------+--------+--------+--------+-----+--------+
         Total |   3365 |   3296 |     69 |    862 |   1940 |   3 | 1121.7 |
       Dungeon |   3365 |   3296 |     69 |    862 |   1940 |   3 | 1121.7 |
               +--------+--------+--------+--------+--------+-----+--------+

Top non-repeatable levels by time:
     D:3: 1308 daAuts
     D:2: 1056 daAuts
     D:1: 999 daAuts
